 Dungeon Crawl Stone Soup version 0.20.1-1-g8b1a95d (webtiles) character file.

16 Stelteck the Firebug (level 2, -4/20 HPs)
             Began as a Draconian Fire Elementalist on Oct 2, 2017.
             Killed by divine providence
             ... invoked by an orc priest
              (14 damage)
             ... on level 3 of the Dungeon.
             The game lasted 00:03:16 (1121 turns).

Stelteck the Firebug (Draconian Fire Elementalist)  Turns: 1121, Time: 00:03:17

Health: -4/20      AC:  5    Str: 10    XL:     2   Next: 41%
Magic:  2/5        EV: 12    Int: 15    God:
Gold:   108        SH:  0    Dex: 11    Spells: 4/5 levels left

rFire    . . .     SeeInvis .   d - +0 spear
rCold    . . .     Gourm    .   (no shield)
rNeg     . . .     Faith    .   (armour unavailable)
rPois    .         Spirit   .   (helmet restricted)
rElec    .         Reflect  .   (no cloak)
rCorr    .         Harm     .   i - +0 pair of gloves
MR       .....                  (no boots)
Stlth    ++........             (no amulet)
Regen    0.1/turn               (no ring)
MPRegen  0.1/turn               (no ring)

@: very slightly contaminated
A: unfitting armour, cold-blooded, AC +4
a: no special abilities


You were on level 3 of the Dungeon.
You were not hungry.

You visited 1 branch of the dungeon, and saw 3 of its levels.

You collected 108 gold pieces.

Inventory:

Hand Weapons
 d - a +0 spear (weapon)
Armour
 i - a +0 pair of gloves (worn)
Scrolls
 f - a scroll of identify
 h - a scroll of enchant armour {unknown}
 o - a scroll of noise {unknown}
 p - a scroll of immolation {unknown}
Potions
 c - 4 potions of mutation {unknown}
 e - a potion of might {unknown}
 k - 3 potions of curing {unknown}
 n - a potion of heal wounds {unknown}
Books
 a - a book of Flames

   Spells                             Type                      Level
   a - Flame Tongue                   Conjuration/Fire             1
   b - Throw Flame                    Conjuration/Fire             2
   c - Conjure Flame                  Conjuration/Fire             3
   d - Inner Flame                    Hexes/Fire                   3
   e - Sticky Flame                   Conjuration/Fire             4
   f - Fireball                       Conjuration/Fire             5
Comestibles
 b - a bread ration
 j - 2 chunks of flesh
 l - 2 royal jellies
 m - a meat ration


   Skills:
 - Level 1.7 Dodging
 - Level 1.7 Stealth
 - Level 2.0 Spellcasting
 + Level 2.4 Conjurations
 - Level 3.0 Fire Magic


You had 4 spell levels left.
You knew the following spells:

 Your Spells              Type           Power        Failure   Level  Hunger
a - Flame Tongue          Conj/Fire      #....        8%          1    #......


Dungeon Overview and Level Annotations

Branches:
Dungeon (2/15)

Altars:
Ashenzari


Innate Abilities, Weirdness & Mutations

Your plain brown scales are hard. (AC +4)
You cannot fit into any form of body armour.
You are cold-blooded and may be slowed by cold attacks.


Message History

Aim: an orc priest, wielding a club and wearing a leather armour The flame tongue hits the orc priest.
The orc priest is heavily wounded.
The orc priest calls down the wrath of Beogh upon you.
Beogh smites you!
Ouch! That really hurt!
A giant cockroach comes into view.
Casting: Flame Tongue
Confirm with . or Enter, or press ? or * to list all spells.
Aiming: Flame Tongue
Press: ? - help, Shift-Dir - straight line, f/p - orc priest
Aim: an orc priest, wielding a club and wearing a leather armour (heavily wounded)
The flame tongue hits the orc priest.
The orc priest is heavily wounded.
An orc comes into view. It is wielding a dagger.
A goblin comes into view.
The orc priest mumbles some strange prayers to Beogh against you.
Beogh smites you!
Ouch! That really hurt!
You die... .o# ..# #.# #s# #.## #oo

#o######
#......#
#@####.#
#.# #
#.# ...
...
.....
.....
......g


You could see an orc priest, 2 orcs, a giant cockroach and a goblin (sleeping).

Vanquished Creatures
  2 dart slugs (D:1)
  A leopard gecko (D:1)
  A giant cockroach (D:2)
  A goblin (D:1)
  A hobgoblin (D:2)
  A bat (D:2)
  A frilled lizard (D:1)
  A kobold (D:1)
  4 rats
13 creatures vanquished.

Notes
Turn   | Place    | Note
-------+----------+-------------------------------------------
     0 | D:1      | Stelteck the Draconian Fire Elementalist began the quest for the Orb.
     0 | D:1      | Reached XP level 1. HP: 14/14 MP: 3/3
   351 | D:1      | Found a shattered altar of Ashenzari.
   558 | D:1      | Reached XP level 2. HP: 20/20 MP: 5/5
  1114 | D:2      | You fall through a shaft!
  1121 | D:3      | Killed from afar by an orc priest

Skill      XL: |  1 |
---------------+----+-----
Conjurations   | 2 |  2.4
Dodging        | |  1.7
Stealth        | |  1.7
Spellcasting   | |  2.0
Fire Magic     | |  3.0

Action                   || total
-------------------------++-------
Melee: Spear             ||    56
       Tailslap          ||     2
 Cast: Flame Tongue      ||     5
  Use: Scroll            ||     2
 Stab: Sleeping          ||     3
  Eat: Chunk             ||     1
Armor: Skin              ||    15
Dodge: Dodged            ||    33
